 Seeded DCSS version 0.29.1-15-g9cfb28693d (webtiles) character file.

Game seed: 1 (custom seed)

6155 Kazon the Shooter (level 10, -28/84 HPs)
             Began as a White Draconian Hunter on Feb 27, 2023.
             Was a Believer of Makhleb.
             Annihilated by a two-headed ogre
             ... wielding a +0 giant club
              (30 damage)
             ... on level 9 of the Dungeon.
             The game lasted 00:35:10 (6473 turns).

Kazon the Shooter (White Draconian Hunter)          Turns: 6473, Time: 00:35:11

Health: -28/84     AC: 10    Str: 16    XL:     10   Next: 59%
Magic:  12/12      EV: 15    Int: 10    God:    Makhleb [**....]
Gold:   392        SH:  0    Dex: 16    Spells: 9/9 levels left

rFire   . . .      SeeInvis .   s - +3 falchion of Winter {venom, rCorr}
rCold   + + .      Faith    .   (no shield)
rNeg    + . .      Spirit   .   (body armour unavailable)
rPois   .          Reflect  .   (helmet restricted)
rElec   .          Harm     .   (no cloak)
rCorr   +          Rampage  .   (no gloves)
Will    .....                   f - +2 pair of boots
Stlth   +++.......              u - amulet of the acrobat
HPRegen 0.24/turn               n - ring of positive energy
MPRegen 0.13/turn               B - ring of protection from cold

@: short of breath
A: breathe frost, AC +7, unfitting armour, cold resistance 1, cold-blooded
a: Breathe Frost, Renounce Religion, Minor Destruction


You were on level 9 of the Dungeon.
You worshipped Makhleb.
Makhleb was pleased with you.
You visited 2 branches of the dungeon, and saw 10 of its levels.

You collected 618 gold pieces.
You spent 226 gold pieces at shops.

Inventory:

Hand Weapons
 e - a +2 dagger of venom
 s - the +3 falchion of Winter (weapon) {venom, rCorr}
   (You bought it in a shop on level 3 of the Dungeon)

   It poisons the flesh of those it strikes.
   rCorr:     It protects you from acid and corrosion.
 w - the +8 longbow "Zephyr" {speed, Dex+3 SInv}
   (You acquired it on level 1 of the Dungeon)

   Attacks with this weapon are significantly faster.
   Dex:       It affects your dexterity (+3).
   SInv:      It lets you see invisible.
Missiles
 g - 66 stones (quivered)
 k - a throwing net
 m - 14 boomerangs
 y - 3 curare-tipped darts
 F - 8 poisoned darts
Armour
 c - a +0 buckler
 f - a +2 pair of boots (worn)
Jewellery
 n - a ring of positive energy (left hand)
 u - an amulet of the acrobat (around neck)
 B - a ring of protection from cold (right hand)
Wands
 v - a wand of mindburst (20)
 z - a wand of flame (6)
 D - a wand of paralysis (14)
 I - a wand of roots (6)
Scrolls
 h - 3 scrolls of immolation
 i - 11 scrolls of identify
 l - 2 scrolls of fog {unknown}
 o - 3 scrolls of teleportation
 p - a scroll of poison {unknown}
 r - a scroll of magic mapping {unknown}
 t - 2 scrolls of noise {unknown}
 C - 2 scrolls of enchant weapon {unknown}
 E - 3 scrolls of fear
 J - a scroll of summoning {unknown}
 L - a scroll of amnesia {unknown}
Potions
 a - 2 potions of ambrosia {unknown}
 b - 3 potions of berserk rage
 d - 2 potions of flight
 j - 4 potions of attraction {unknown}
 q - 5 potions of lignification {unknown}
 x - 2 potions of haste {unknown}
 A - 2 potions of cancellation {unknown}
 G - a potion of might
 H - 2 potions of curing
Miscellaneous
 K - a condenser vane


   Skills:
 + Level 6.8 Fighting
 + Level 4.7(6.2) Short Blades
 + Level 6.2(7.0) Long Blades
 + Level 7.3 Ranged Weapons
 + Level 4.3 Throwing
 + Level 6.9 Dodging
 + Level 6.2 Stealth
 * Level 3.8 Invocations
 * Level 4.3 Evocations


You had 9 spell levels left.
You didn't know any spells.
Your spell library contained the following spells:

 Spells                   Type           Power      Damage    Failure   Level
 Apportation              Tloc           0%         N/A       36%         1
 Magic Dart               Conj           0%         1d3       36%         1
 Necrotise                Necr           0%         1d4       36%         1
 Sting                    Tmut/Pois      0%         1d3       36%         1
 Summon Small Mammal      Summ           0%         N/A       36%         1
 Call Imp                 Summ           0%         N/A       50%         2
 Poisonous Vapours        Pois/Air       0%         N/A       50%         2
 Mephitic Cloud           Conj/Pois/Air  0%         N/A       75%         3
 Olgreb's Toxic Radiance  Pois           0%         N/A       98%         4
 Fireball                 Conj/Fire      0%         3d3       100%        5
 Iskenderun's Battlesphe  Conj           0%         2d6       100%        5
 Conjure Ball Lightning   Conj/Air       0%         3x3d6     100%        6
 Orb of Destruction       Conj           0%         9d5       100%        7


Dungeon Overview and Level Annotations

Branches:
Dungeon (9/15)             Temple (1/1) D:7
   Lair: D:8-11         Orc: D:9-12

Altars:
Ashenzari
Dithmenos
Elyvilon
Fedhas
Gozag
Hepliaklqana
Makhleb
Nemelex Xobeh
Okawaru
Qazlal
Uskayaw

Shops:
D:3 (   D:8 ?(==


Innate Abilities, Weirdness & Mutations

You can breathe waves of freezing cold which knock back foes.
Your icy white scales are hard. (AC +7)
You cannot fit into any form of body armour.
Your flesh is cold resistant. (rC+)
You are cold-blooded and may be slowed by cold attacks.


Message History

A two-headed ogre comes into view. It is wielding two +0 giant clubs.
You see here a +0 trident.
Things that are here:
a +0 dagger; a +0 robe The +3 falchion of Winter {venom, rCorr} begins to drip with poison!
s - the +3 falchion of Winter (weapon)
{venom, rCorr}
Aiming: Breathe Frost (3% risk of failure)
Press: ? - help, Shift-Dir - straight line, f - two-headed ogre
Aim: a two-headed ogre, wielding two +0 giant clubs (85% to hit)
You exhale a wave of freezing cold.
The freezing breath hits the two-headed ogre!
The two-headed ogre is moderately wounded.
The two-headed ogre is blown backwards by the freezing wind.
The two-headed ogre completely misses you.
The two-headed ogre hits you with a +0 giant club!!
Things that are here:
a +0 mace; a +0 ring mail You hit the two-headed ogre.
The two-headed ogre is poisoned.
The two-headed ogre is moderately wounded.
The two-headed ogre hits you with a +0 giant club!!
The two-headed ogre hits you with a +0 giant club!
* * * LOW HITPOINT WARNING * * *
You hit the two-headed ogre but do no damage.
The two-headed ogre looks as sick as possible!
The two-headed ogre is moderately wounded.
You barely miss the two-headed ogre.
The two-headed ogre is moderately wounded.
The two-headed ogre misses you. The two-headed ogre closely misses you.
You barely miss the two-headed ogre.
The two-headed ogre is moderately wounded.
You hit the two-headed ogre but do no damage.
You tail-slap the two-headed ogre, but do no damage.
The two-headed ogre is moderately wounded.
The two-headed ogre hits you with a +0 giant club.
* * * LOW HITPOINT WARNING * * *
The two-headed ogre hits you with a +0 giant club!!
* * * LOW HITPOINT WARNING * * *
The two-headed ogre attacks as you move away!
The two-headed ogre hits you with a +0 giant club!!
You die...

### ###.##
#...O#.##..
##..@......#
##.))###....#
##...##......#
#....##.......
#....#...... ..
#..####...####..
#....##.....[...
###.>.).........
##
###...........


You could see a two-headed ogre (extremely poisoned).

Vanquished Creatures
  Maggie (D:6)
  Prince Ribbit (D:9)
  A shadow (D:9)
  A yak (D:6)
  2 wyverns
  Eustachio (D:5)
  2 steam dragons
  Menkaure (D:5)
  Edmund (D:6)
  4 water moccasins
  4 orc warriors
  An ice beast (D:8)
  5 sky beasts
  2 black bears (D:6)
  4 centaurs
  An ogre (D:6)
  2 phantoms (D:6)
  2 kobold brigands
  3 necrophages
  A bullfrog (Temple)
  A gnoll sergeant (D:7)
  5 scorpions
  9 wights
  A howler monkey (D:5)
  2 jellies (D:6)
  A hound (D:4)
  7 orc priests
  A gnoll bouda (D:7)
  6 iguanas
  2 orc wizards (D:9)
  Robin (D:3)
  15 gnolls
  13 adders
  3 shadow imps
  2 white imps (D:7)
  An ufetubus (D:5)
  3 worms
  32 orcs
  11 endoplasms
  A giant cockroach (D:1)
  16 goblins
  9 hobgoblins
  A jackal (D:4)
  17 kobolds
  A quokka (D:1)
  5 ball pythons
  4 bats
  3 frilled lizards
  6 rats
219 creatures vanquished.

Vanquished Creatures (others)
  A quokka (D:7)
1 creature vanquished.

Grand Total: 220 creatures vanquished

Notes
Turn   | Place    | Note
-------+----------+-------------------------------------------
     0 | D:1      | Kazon the Draconian Hunter began the quest for the Orb.
     0 | D:1      | Reached XP level 1. HP: 17/17 MP: 1/1
    33 | D:1      | Identified a scroll of acquirement
    33 | D:1      | Acquired the +8 longbow "Zephyr" {speed, Dex+3 SInv}
    33 | D:1      | Found the +8 longbow "Zephyr" {speed, Dex+3 SInv}
   140 | D:1      | Reached skill level 4 in Ranged Weapons
   140 | D:1      | Reached XP level 2. HP: 24/24 MP: 2/2
   741 | D:2      | Reached XP level 3. HP: 29/29 MP: 3/3
  1024 | D:2      | Reached XP level 4. HP: 37/37 MP: 4/4
  1036 | D:2      | Reached skill level 5 in Ranged Weapons
  1357 | D:3      | Found Umat's Antique Weapon Boutique.
  1393 | D:3      | Bought a crude falchion for 184 gold pieces
  1393 | D:3      | Identified the +3 falchion of Winter {venom, rCorr} (You
                  | bought it in a shop on level 3 of the Dungeon)
  1417 | D:3      | Reached skill level 1 in Stealth
  1534 | D:3      | Reached XP level 5. HP: 42/42 MP: 5/5
  1542 | D:3      | Noticed Robin
  1544 | D:3      | Killed Robin
  1753 | D:3      | Reached skill level 5 in Fighting
  1753 | D:3      | Reached XP level 6. HP: 56/56 MP: 6/6
  2339 | D:4      | Found a hazy altar of Hepliaklqana.
  2535 | D:4      | Your scales start taking on an icy white colour.
  2535 | D:4      | Reached XP level 7. HP: 48/61 MP: 7/7
  2535 | D:4      | Gained mutation: Your flesh is cold resistant. (rC+) [White
                  | Draconian growth]
  2950 | D:5      | Entered Level 5 of the Dungeon
  2994 | D:5      | Noticed Eustachio
  3025 | D:5      | Reached skill level 6 in Ranged Weapons
  3025 | D:5      | Reached skill level 1 in Evocations
  3025 | D:5      | Killed Eustachio
  3026 | D:5      | Reached XP level 8. HP: 11/70 MP: 8/8
  3450 | D:5      | Reached skill level 5 in Stealth
  3539 | D:5      | Noticed Menkaure
  3561 | D:5      | Killed Menkaure
  4031 | D:7      | Found a staircase to the Ecumenical Temple.
  4044 | D:7      | Reached XP level 9. HP: 46/75 MP: 9/9
  4045 | Temple   | Entered the Ecumenical Temple
  4063 | Temple   | Became a worshipper of Makhleb the Destroyer
  4118 | D:7      | Paralysed by a kobold for 2 turns
  4129 | D:7      | Found a hide-covered altar of Uskayaw.
  4198 | D:6      | Reached skill level 5 in Long Blades
  4241 | D:6      | Reached skill level 1 in Invocations
  4279 | D:6      | Noticed Edmund
  4287 | D:6      | Killed Edmund
  4293 | D:6      | Reached * piety under Makhleb
  4712 | D:6      | Noticed Maggie
  4728 | D:6      | Killed Maggie
  4814 | D:7      | Reached XP level 10. HP: 59/84 MP: 11/11
  4961 | D:7      | Reached ** piety under Makhleb
  5032 | D:7      | Found a white marble altar of Elyvilon.
  5238 | D:8      | Found Quzidd's Magic Scroll Emporium.
  5243 | D:8      | Bought a scroll of teleportation for 42 gold pieces
  5385 | D:8      | Found Heidghoki's Jewellery Shop.
  5586 | D:8      | Found Esumer's Weapon Shop.
  5936 | D:8      | Found Zoxtaeshakh's Jewellery Boutique.
  6181 | D:9      | Reached skill level 7 in Ranged Weapons
  6287 | D:9      | Noticed Prince Ribbit
  6302 | D:9      | Killed Prince Ribbit
  6462 | D:9      | Noticed a two-headed ogre
  6472 | D:9      | HP: 2/84 [two-headed ogre/+0 giant club (21)]
  6473 | D:9      | Annihilated by a two-headed ogre

Illustrated notes

Levels and vault maps discovered:
D:1:      dpeg_arrival_three_smaller_balls, layout_basic
D:2:      layout_loops_ring
D:3:      layout_basic, serial_shops, nicolae_shop_stone, st_stairs_9,
          minmay_misc_feat_doors, eino_curves_03, uniq_robin
D:4:      minmay_wonky_spiral, layout_basic,
          mainiacjoe_overflow_surrounded_room, minivault_5
D:5:      layout_cave_pods, uniq_menkaure, uniq_eustachio
D:6:      cheibrodos_barr_body, layout_basic, minmay_crystal_room,
          minmay_pentangle, uniq_maggie, uniq_edmund
D:7:      layout_cave_pools, nicolae_uskayaw_murder_on_the_dancefloor,
          elyvilon_altar_4, minmay_temple_entry_purple_smoke
D:8:      layout_basic, serial_shops, shop_statue, kennysheep_little_box, shop,
          nicolae_shop_window_shopping
D:9:      layout_cave_pools, uniq_prince_ribbit1
Temple:   nicolae_temple_bog_church

Skill      XL: |  1  2  3  4  5  6  7  8  9 10 |
---------------+-------------------------------+-----
Ranged Weapons | 4 5 6 7 |  7.3
Dodging        | 2 6 |  6.9
Stealth        | 1 4 5 6 |  6.2
Fighting       | 5 6 |  6.8
Short Blades   | 4 |  4.7
Long Blades    | 4 5 6 |  6.2
Throwing       | 3 4 |  4.3
Evocations     | 1 2 3 4 |  4.3
Invocations    | 2 3 |  3.8

Action                   |  1- 3 |  4- 6 |  7- 9 | 10-12 || total
-------------------------+-------+-------+-------+-------++-------
Melee: Dagger            |     3 |    54 |    49 |     6 ||   112
       Tailslap          |       |     8 |    42 |     8 ||    58
       Falchion          |       |     9 |   174 |    71 ||   254
       Punch             |       |     1 |     5 |     1 ||     7
 Fire: Longbow           |    43 |    35 |    73 |   102 ||   253
       Shortbow          |     1 |       |       |       ||     1
Throw: Stone             |       |    25 |    13 |    13 ||    51
 Abil: Breathe Frost     |       |       |     5 |     3 ||     8
  Use: Scroll            |     1 |       |     3 |     1 ||     5
       Potion            |       |     1 |     4 |       ||     5
 Stab: Sleeping          |       |     5 |    13 |       ||    18
Armor: Skin              |     7 |    20 |    71 |    25 ||   123
Dodge: Dodged            |    12 |    38 |   164 |    65 ||   279
